 Dungeon Crawl Stone Soup version 0.18.1-48-g4cf74bf (webtiles) character file.

141584 Maffolandro the Peltast (level 16, 134/134 HPs)
             Began as a Demigod Wanderer on July 21, 2016.
             Got out of the dungeon alive.
             The game lasted 05:09:02 (47109 turns).

Maffolandro the Peltast (Demigod Wanderer)         Turns: 47109, Time: 05:09:03

Health: 134/134    AC: 23    Str: 20    XL:     16   Next: 26%
Magic:  25/25      EV: 22    Int: 21    God:
Gold:   1322       SH: 15    Dex: 23    Spells: 7 memorised, 8 levels left

rFire  + . .     SeeInvis +     L - +9 dagger of Chilly Death {flash freeze, rPois rF- rC++ MR+}
rCold  + + .     Gourm    .     I - +2 fire dragon armour
rNeg   . . .     Faith    .     H - +0 shield {reflect}
rPois  +         Spirit   .     m - +2 helmet {Int+3}
rElec  +         Dismiss  .     i - +2 cloak of Starlight {rElec rC+ EV+4 Stlth--}
rCorr  .         Reflect  +     F - +2 pair of gloves {Dex+3}
SustAt +         Harm     .     z - +0 pair of boots {Fly}
MR     ++...                    k - amulet of regeneration
Stlth  ..........               S - ring of wizardry
                                W - ring of see invisible

@: flying, repel missiles, very resistant to hostile enchantments, extremely
unstealthy
A: high mp 1, strong 1, sustain attributes
a: Stop Flying


You escaped.
You were not hungry.

You visited 5 branches of the dungeon, and saw 29 of its levels.
You visited 1 bazaar.
You also visited: Bailey.

You collected 3071 gold pieces.
You spent 1749 gold pieces at shops.

Inventory:

Hand Weapons
 g - a +1 morningstar of pain
 l - the +3 long sword of Guile {holy, rF+, unknown}
   (You found it on level 14 of the Dungeon)

   It has been blessed by the Shining One to cause great damage to the undead
   and demons.
   It protects you from fire.
 n - a +0 scimitar of flaming
 L - the +9 dagger of Chilly Death (weapon) {flash freeze, rPois rF- rC++ MR+}
   (You took it off an orc on level 12 of the Dungeon)

   It has been specially enchanted to freeze those struck by it, causing extra
   injury to most foes and up to half again as much damage against particularly
   susceptible opponents.
   It can also slow down cold-blooded creatures.
   It makes you vulnerable to fire.
   It greatly protects you from cold.
   It protects you from poison.
   It affects your resistance to hostile enchantments.
 Y - a +8 scimitar of freezing
Missiles
 O - 4 throwing nets
Armour
 i - the +2 cloak of Starlight (worn) {rElec rC+ EV+4 Stlth--}
   (You found it in a bailey)

   It affects your evasion (+4).
   It protects you from cold.
   It insulates you from electricity.
   It makes you much less stealthy.
 m - a +2 helmet of intelligence (worn)
 z - a +0 pair of boots of flying (worn)
 F - a +2 pair of gloves of dexterity (worn)
 H - a +0 shield of reflection (worn)
 I - a +2 fire dragon armour (worn)
Jewellery
 d - the ring of Aguogra {*Tele rPois rC+ Dex+3}
   (You took it off an orc on level 12 of the Dungeon)

   [ring of teleportation]

   It may teleport you next to monsters.
   It affects your dexterity (+3).
   It protects you from cold.
   It protects you from poison.
 k - an amulet of regeneration (around neck)
 v - an uncursed ring of protection from magic
 S - a ring of wizardry (right hand)
 W - a ring of see invisible (left hand)
Wands
 c - a wand of digging (13/24)
 h - a wand of digging (14/24)
 u - a wand of lightning (9/15)
 y - a wand of iceblast (5/15)
 N - a wand of lightning (6/15)
 R - a wand of disintegration (5/24)
 V - a wand of lightning (10/15)
 Z - a wand of enslavement (14/24)
Scrolls
 o - a scroll of magic mapping
 r - a scroll of recharging
 t - a scroll of fog
 w - 3 scrolls of torment
 A - a scroll of brand weapon
 B - 6 scrolls of blinking
 C - a scroll of identify
 D - 2 scrolls of remove curse
 G - 4 scrolls of fear
 P - a scroll of immolation
 T - 6 scrolls of teleportation
Potions
 a - a potion of brilliance
 b - 9 potions of curing (quivered)
 e - 2 potions of berserk rage
 p - a potion of ambrosia
 q - 4 potions of lignification
 E - a potion of agility
 J - 3 potions of cure mutation
 K - a potion of resistance
 M - 3 potions of invisibility
 U - a potion of haste {unknown}
Miscellaneous
 j - a fan of gales
 x - a lamp of fire
 X - a phial of floods
Comestibles
 f - 13 bread rations
 s - 2 chunks of flesh


   Skills:
 - Level 10.0 Fighting
 + Level 2.1(9.5) Short Blades
 - Level 14.0 Long Blades
   Level 1.0 Polearms
 + Level 7.0 Armour
 - Level 10.0 Dodging
 - Level 1.7 Stealth
 - Level 15.0 Shields
 - Level 5.6 Unarmed Combat
 * Level 3.5 Spellcasting
 + Level 5.5 Conjurations
 - Level 8.0 Hexes


You had 8 spell levels left.
You knew the following spells:

 Your Spells              Type           Power        Failure   Level  Hunger
a - Beastly Appendage     Trmt           #.....       21%         1    None
b - Apportation           Tloc           #.........   21%         1    None
c - Summon Butterflies    Summ           #.......     21%         1    None
d - Dazzling Spray        Conj/Hex       ####..       4%          3    ###....
e - Cause Fear            Hex            #####.....   7%          4    ####...
f - Repel Missiles        Chrm/Air       #.....       38%         2    ##.....
g - Blink                 Tloc           N/A          38%         2    ##.....


Dungeon Overview and Level Annotations

Branches:
Dungeon (15/15)            Temple (0/1) D:5            Lair (8/8) D:10
  Swamp (2/4) Lair:5        Snake (2/4) Lair:3        Slime (0/6) Lair:6
    Orc (2/2) D:11            Elf (0/3) Orc:2        Depths (0/5) D:15
 Vaults: D:13-14

Shops:
D:4 (   Orc:2 [[:}   Snake:2 [

Annotations:
D:4 Menkaure
D:9 ThereIsNoGod's ghost, journeyman MiFi
D:13 1 exclusion
Lair:8 exclusion: door
Swamp:1 exclusion: Roxanne, Roxanne


Innate Abilities, Weirdness & Mutations

You have an increased reservoir of magic (+10% MP).
Your attributes are resistant to harm.
Your muscles are strong. (Str +2)


Message History

The kobold throws a stone.
The stone closely misses you.
You puncture the kobold! You freeze the kobold.
You kill the kobold!
(D) Dungeon (T) Temple (L) Lair (S) Swamp (P) Snake Pit (M) Slime Pits (O) Orcish Mines (E) Elven Halls (U) Depths
Where to? (Enter - D:1, ? - help)
There is a stone staircase leading up here.
You fly upwards.
There is a stone staircase leading down here.
There is a stone staircase leading up here.
You fly upwards.
There is a stone staircase leading down here.
You see here a short sword.
There is an open door here.
There is an open door here.
There is an open door here.
There is a staircase leading out of the dungeon here.
Are you sure you want to leave the Dungeon?
This will make you lose the game!
You have escaped!

###.....#################....#...
.......## ###.......### ##...###.
####..## ##...........## ##......
#..# ##....##'##....## #......
#..# #...####.####...# #......
#.####..##.......##..####..##.
#.# #...#..#####..#...# #..##.
#.# #..##.##...##.##..# #.####
#.# #..##.##.@.##.##..# #)# #.#
#..##.##...##.##..# #.# #.#
#...#..##'##..#...# #.####
#.####..##.......##..####.....
#..# #...#########...# #......
#..# ##....#####....## #...##.
#..## ##...........## ##....#.
##...## ###.......### ##.......
#.....########.########........


There were no monsters in sight!

Vanquished Creatures
  Asterion (Snake:1)
  A thorn hunter (Swamp:2)
  A greater naga (Snake:2)
  Louise (Swamp:2)
  Donald (Swamp:2)
  Nessos (D:13)
  3 dire elephants
  Snorg (Orc:2)
  Josephine (Lair:8)
  Erolcha (D:12)
  An ice dragon (D:13)
  5 naga warriors
  Harold (D:11)
  A catoblepas (D:12)
  4 anacondas
  10 hydras
  A ghost crab (Swamp:2)
  Erica (D:8)
  3 centaur warriors
  A deep troll earth mage (D:12)
  4 death yaks
  3 alligators (Swamp:2)
  2 shock serpents (Snake:2)
  5 orc high priests
  Urug (D:12)
  7 naga sharpshooters
  Nergalle (Lair:2)
  A spriggan (Lair:4)
  Sonja (Lair:4)
  4 skeletal warriors (D:11)
  An unseen horror (D:13)
  A shambling mangrove (Swamp:2)
  2 naga ritualists
  2 lindwurms
  A hill giant (D:13)
  A wizard (Lair:8)
  A harpy (shapeshifter) (D:14)
  A phantasmal warrior (D:13)
  9 orc knights
  A wolf spider zombie (D:15)
  6 orc sorcerers
  A wolf spider (D:15)
  3 deep elf magi
  4 mana vipers
  3 griffons (Lair:8)
  2 cyclopes
  2 manticores
  4 salamanders
  4 ugly things
  A hornet (Swamp:1)
  A griffon (shapeshifter) (D:14)
  A cyclops (shapeshifter) (D:13)
  6 elephants
  22 black mambas
  A guardian serpent (Lair:3)
  4 naga magi
  4 centaur skeletons
  19 spiny frogs
  13 komodo dragons
  3 yaktaurs (D:15)
  A kobold demonologist (D:15)
  A freezing wraith (D:12)
  3 rime drakes
  5 trolls
  A giant leech (Swamp:2)
  A polar bear (Lair:5)
  A two-headed ogre (D:14)
  7 slime creatures
  Grinder (D:3)
  22 blink frogs
  A boulder beetle (Orc:1)
  5 bog bodies
  2 shadows
  Sigmund (D:4)
  5 humans
  3 wyverns
  5 wraiths
  41 yaks
  A hog (D:7)
  14 vampire mosquitoes
  4 basilisks
  6 hippogriffs
  5 wargs
  3 mottled dragons (D:14)
  10 insubstantial wisps (Swamp:2)
  Edmund (Lair:2)
  11 swamp worms
  23 nagas
  Duvessa (D:4)
  16 water moccasins
  4 swamp drakes
  A hornet simulacrum (D:14)
  15 porcupines
  A sky beast (D:13)
  36 orc warriors
  4 wasps
  A phantom (D:13)
  2 ice beasts
  4 black bears
  A necrophage (D:14)
  A wolf (shapeshifter) (D:13)
  13 ogres
  32 wolves
  16 centaurs
  23 crocodiles
  2 big kobolds
  22 giant frogs
  Blork the orc (D:4)
  7 jellies
  Dowan (D:4)
  A wyvern zombie (D:14)
  3 scorpions
  A water moccasin skeleton (D:5)
  6 killer bees
  3 electric eels (Bailey)
  20 wights
  5 howler monkeys
  5 centaur zombies
  5 crimson imps
  A giant frog zombie (D:5)
  8 hounds
  25 orc priests
  A giant frog skeleton (D:7)
  7 iguanas
  33 orc wizards
  10 worker ants
  Terence (D:3)
  A killer bee zombie (D:8)
  36 sheep
  A hound zombie (D:5)
  A hound skeleton (D:4)
  A worker ant zombie (D:9)
  A howler monkey skeleton (D:6)
  2 gnolls (Bailey)
  10 adders
  83 river rats
  2 shadow imps
  An adder zombie (D:9)
  2 worms (D:2)
  A dart slug (D:1)
  5 giant geckos
  103 orcs
  3 ball pythons (D:1)
  8 giant cockroaches
  16 goblins
  15 hobgoblins
  11 jackals
  4 quokkas
  7 bats
  9 giant newts
  A jackal skeleton (D:7)
  21 kobolds
  2 quokka skeletons
  7 rats
  A spectral weapon (Snake:1)
1071 creatures vanquished.

Vanquished Creatures (collateral kills)
  A fire dragon (D:12)
  Psyche (Lair:2)
2 creatures vanquished.

Vanquished Creatures (others)
  22 fungi
  13 plants
35 creatures vanquished.

Grand Total: 1108 creatures vanquished

Notes
Turn   | Place    | Note
--------------------------------------------------------------
     0 | D:1      | Maffolandro the Demigod Wanderer began the quest for the Orb.
     0 | D:1      | Maffolandro set off with: a +0 shield, a potion of curing, a potion of lignification, a +0 robe, a +0 dagger, a bread ration
     0 | D:1      | Reached XP level 1. HP: 17/17 MP: 3/3
    88 | D:1      | Reached skill level 2 in Shields
   439 | D:1      | Reached XP level 2. HP: 22/24 MP: 4/4
   715 | D:1      | Reached skill level 3 in Shields
  1156 | D:1      | Reached XP level 3. HP: 27/29 MP: 5/5
  1826 | D:2      | Reached skill level 4 in Shields
  2194 | D:2      | Reached XP level 4. HP: 36/36 MP: 6/6
  2789 | D:3      | Noticed Terence
  2802 | D:3      | Killed Terence
  3132 | D:3      | Noticed Grinder
  3146 | D:3      | Paralysed by Grinder for 3 turns
  3354 | D:4      | Found Ythuef's Antique Weapon Boutique.
  3373 | D:4      | Reached skill level 5 in Shields
  3373 | D:4      | Reached XP level 5. HP: 38/41 MP: 7/7
  3409 | D:4      | Reached skill level 1 in Armour
  3880 | D:4      | Noticed Blork the orc
  3896 | D:4      | Killed Blork the orc
  4020 | D:4      | Noticed Sigmund
  4037 | D:4      | Killed Sigmund
  4037 | D:4      | Reached XP level 6. HP: 27/48 MP: 8/8
  4426 | D:4      | Noticed Menkaure
  4625 | D:3      | Reached skill level 5 in Armour
  4733 | D:3      | Reached XP level 7. HP: 52/53 MP: 9/9
  4768 | D:4      | Noticed Duvessa
  4768 | D:4      | Noticed Dowan
  4861 | D:4      | Found an opulent altar of Gozag.
  4861 | D:4      | Found a shattered altar of Ashenzari.
  4862 | D:4      | Found a glowing golden altar of the Shining One.
  4872 | D:4      | Found a snail-covered altar of Cheibriados.
  5216 | D:5      | Entered Level 5 of the Dungeon
  5250 | D:5      | Found a white marble altar of Elyvilon.
  5326 | D:5      | Found a staircase to the Ecumenical Temple.
  6341 | D:5      | Found a basalt altar of Yredelemnul.
  6440 | D:6      | Found an iron altar of Okawaru.
  6440 | D:6      | Found a glowing silver altar of Zin.
  6441 | D:6      | Found a bloodstained altar of Trog.
  6441 | D:6      | Found a burning altar of Makhleb.
  6441 | D:6      | Found a deep blue altar of Sif Muna.
  6795 | D:6      | Reached skill level 1 in Long Blades
  6795 | D:6      | Reached XP level 8. HP: 66/66 MP: 10/10
  7135 | D:6      | Learned a level 1 spell: Beastly Appendage
  7536 | D:7      | Found a glowing silver altar of Zin.
  7613 | D:7      | Reached skill level 5 in Unarmed Combat
  8094 | D:7      | Found a blossoming altar of Fedhas.
  8789 | D:8      | Reached XP level 9. HP: 68/71 MP: 11/11
  8850 | D:8      | Reached skill level 5 in Long Blades
  8963 | D:8      | Noticed Erica
  9001 | D:8      | Killed Erica
 10157 | D:4      | Killed Duvessa
 10301 | D:9      | Noticed ThereIsNoGod's ghost (journeyman MiFi)
 10427 | D:9      | Found a sacrificial altar of Ru.
 11257 | D:9      | Learned a level 1 spell: Apportation
 11259 | D:9      | Learned a level 1 spell: Summon Butterflies
 11339 | D:9      | Reached XP level 10. HP: 62/79 MP: 13/13
 12000 | D:10     | Entered Level 10 of the Dungeon
 12359 | D:10     | Reached skill level 10 in Long Blades
 12546 | D:10     | Found a staircase to the Lair.
 12589 | Lair:1   | Entered Level 1 of the Lair of Beasts
 12601 | Lair:1   | Reached skill level 5 in Fighting
 12606 | Lair:1   | Noticed a four-headed hydra
 12624 | Lair:1   | Killed a one-headed hydra
 12845 | Lair:1   | Noticed a six-headed hydra
 12862 | Lair:1   | Killed a one-headed hydra
 13937 | Lair:1   | Reached XP level 11. HP: 89/89 MP: 14/14
 14041 | Lair:2   | Noticed Edmund
 14041 | Lair:2   | Noticed Psyche
 14076 | Lair:2   | Killed Psyche
 14093 | Lair:2   | Killed Edmund
 14480 | Lair:2   | Noticed a five-headed hydra
 14491 | Lair:2   | Killed a one-headed hydra
 15252 | Lair:2   | Noticed an eight-headed hydra
 16054 | Lair:2   | Killed a one-headed hydra
 16054 | Lair:2   | Reached skill level 6 in Shields
 16265 | Lair:3   | Noticed Nergalle
 16314 | Lair:2   | Killed Nergalle
 16314 | Lair:2   | Reached skill level 7 in Shields
 17064 | Lair:3   | Learned a level 3 spell: Dazzling Spray
 17068 | Lair:3   | Found a staircase to the Snake Pit.
 17336 | Lair:3   | Reached skill level 8 in Shields
 17384 | Lair:3   | Noticed a seven-headed hydra
 17505 | Lair:3   | Killed a one-headed hydra
 17756 | Lair:3   | Learned a level 4 spell: Cause Fear
 17882 | Lair:4   | Reached skill level 9 in Shields
 17887 | Lair:4   | Reached XP level 12. HP: 84/100 MP: 15/15
 18424 | Lair:4   | Noticed Sonja
 18622 | Lair:4   | Killed Sonja
 19160 | Lair:4   | Reached skill level 10 in Shields
 20191 | Lair:5   | Found a staircase to the Swamp.
 20372 | Lair:5   | Noticed a five-headed hydra
 20380 | Lair:5   | Gained mutation: Your muscles are strong. (Str +2) [potion of beneficial mutation]
 20385 | Lair:5   | Reached skill level 11 in Shields
 20394 | Lair:5   | Killed a one-headed hydra
 21301 | Lair:5   | Noticed an eight-headed hydra
 22086 | Lair:5   | Reached skill level 12 in Shields
 22671 | Lair:6   | Found a staircase to the Slime Pits.
 22671 | Lair:6   | Found a viscous altar of Jiyva.
 23795 | Lair:6   | Reached skill level 1 in Dodging
 24795 | Lair:6   | Reached XP level 13. HP: 105/105 MP: 16/16
 25623 | Lair:7   | Reached skill level 5 in Dodging
 27331 | D:11     | Found a bloodstained altar of Trog.
 27420 | D:11     | Found a staircase to the Orcish Mines.
 27888 | D:11     | Noticed Harold
 27985 | D:11     | Got an ichor-stained dagger
 27986 | D:11     | Identified the cursed +3 dagger "Pebot" {flame, +Blink rN+} (You found it on level 11 of the Dungeon)
 28234 | D:12     | Learned a level 2 spell: Repel Missiles
 28498 | D:12     | Noticed Urug
 28522 | D:12     | Killed Urug
 28522 | D:12     | Reached skill level 1 in Hexes
 28728 | D:12     | Found a runed door.
 28728 | D:12     | Noticed Erolcha
 28940 | Orc:1    | Entered Level 1 of the Orcish Mines
 29486 | Orc:2    | Entered Level 2 of the Orcish Mines
 29527 | Orc:2    | Found a flickering gateway to a bazaar.
 29545 | Bazaar   | Entered a bazaar
 29545 | Bazaar   | Found Eloruob's Magic Scroll Shop.
 29545 | Bazaar   | Found Ximp's Jewellery Shop.
 29563 | Bazaar   | Found Umoah's Antique Weapon Emporium.
 29574 | Bazaar   | Found Baymeoc's Antique Armour Boutique.
 29582 | Bazaar   | Bought a pair of embroidered gloves for 108 gold pieces
 29592 | Bazaar   | Found Mogiraun's General Store.
 29617 | Bazaar   | Bought a scroll of summoning for 76 gold pieces
 29617 | Bazaar   | Bought a potion of curing for 24 gold pieces
 29617 | Bazaar   | Bought 8 curare-tipped needles for 38 gold pieces
 29617 | Bazaar   | Bought a scroll of identify for 16 gold pieces
 29617 | Bazaar   | Bought a potion of lignification for 24 gold pieces
 29649 | Bazaar   | Bought a scroll of blinking for 105 gold pieces
 29649 | Bazaar   | Bought a scroll of identify for 28 gold pieces
 29649 | Bazaar   | Bought a scroll of enchant armour for 105 gold pieces
 29649 | Bazaar   | Bought a scroll of fear for 49 gold pieces
 29649 | Bazaar   | Bought a scroll of holy word for 105 gold pieces
 29649 | Bazaar   | Bought a scroll of blinking for 105 gold pieces
 29667 | Bazaar   | Bought an uncursed amulet of regeneration for 420 gold pieces
 30559 | Orc:2    | Reached skill level 5 in Hexes
 30731 | Orc:1    | Noticed Snorg
 30833 | Orc:2    | HP: 5/105 [Snorg (13)]
 30838 | Orc:2    | Killed Snorg
 31392 | Orc:2    | Found a staircase to the Elven Halls.
 31895 | Lair:8   | Entered Level 8 of the Lair of Beasts
 31895 | Lair:8   | Noticed Josephine
 32142 | Lair:8   | Killed Josephine
 32239 | Lair:7   | Reached skill level 13 in Shields
 32980 | Lair:8   | Reached XP level 14. HP: 80/113 MP: 17/17
 33533 | Lair:8   | Reached skill level 14 in Shields
 35069 | Orc:2    | Reached skill level 15 in Shields
 35284 | Orc:2    | Found Baozos's Armour Shop.
 35284 | Orc:2    | Found Buodez's Armour Emporium.
 35295 | Orc:2    | Found Saug's Gadget Shop.
 35295 | Orc:2    | Found Kuwkal's Book Emporium.
 35322 | Orc:2    | Bought a +1 ring mail of poison resistance for 143 gold pieces
 35337 | Orc:2    | Bought a +1 helmet of intelligence for 231 gold pieces
 35854 | Snake:1  | Entered Level 1 of the Snake Pit
 37300 | D:13     | Noticed Nessos
 37329 | D:13     | Killed Nessos
 38228 | D:14     | Found a flagged portal.
 38237 | Bailey   | Entered a bailey
 38291 | Bailey   | Found an iron altar of Okawaru.
 38593 | Bailey   | Got a pair of distressingly furry gloves
 38604 | Bailey   | Identified the +1 pair of gloves of Durr {Stlth+} (You acquired it in a bailey)
 38926 | Bailey   | Reached XP level 15. HP: 116/121 MP: 18/18
 39574 | D:14     | Got a brightly glowing long sword
 40377 | D:15     | Entered Level 15 of the Dungeon
 40733 | D:15     | Found a staircase to the Depths.
 41727 | D:12     | Killed Erolcha
 42127 | D:12     | Got a slimy marble ring
 42148 | D:12     | Identified the ring of Aguogra {*Tele rPois rC+ Dex+3} (You took it off an orc on level 12 of the Dungeon)
 42228 | D:11     | Reached skill level 10 in Fighting
 42250 | D:11     | Killed Harold
 42307 | D:11     | Reached skill level 1 in Conjurations
 42553 | Snake:1  | Noticed Asterion
 42611 | Snake:1  | Killed Asterion
 43302 | Snake:2  | Found Wodaanej's Armour Shoppe.
 43307 | Snake:2  | Noticed a greater naga
 43334 | Snake:2  | Killed a greater naga
 43381 | Snake:1  | Reached skill level 10 in Dodging
 43824 | Snake:2  | Bought a +0 pair of boots of flying for 172 gold pieces
 44516 | Lair:2   | Learned a level 2 spell: Blink
 44592 | Lair:4   | Reached XP level 16. HP: 134/134 MP: 20/20
 44626 | Swamp:1  | Entered Level 1 of the Swamp
 44634 | Swamp:1  | Reached skill level 1 in Spellcasting
 44870 | Swamp:1  | Noticed Roxanne
 45121 | Swamp:1  | Found a deep blue altar of Sif Muna.
 45297 | Swamp:2  | Reached skill level 5 in Conjurations
 45527 | Swamp:2  | Noticed Donald
 45573 | Swamp:2  | Reached skill level 1 in Short Blades
 45758 | Swamp:2  | Killed Donald
 45919 | Swamp:2  | Noticed Louise
 45967 | Swamp:2  | Killed Louise
 46942 | D:4      | Killed Dowan
 46983 | D:3      | Killed Grinder
 47109 | D:$      | Got out of the dungeon alive.

Skill      XL: |  1  2  3  4  5  6  7  8  9 10 11 12 13 14 15 16 |
---------------+-------------------------------------------------+-----
Shields        | 2 3 4 5 9 12 13 15 | 15.0
Armour         | 4 5 6 7 |  7.0
Fighting       | 4 6 7 10 | 10.0
Long Blades    | 1 4 9 11 12 14 | 14.0
Unarmed Combat | 5 |  5.6
Dodging        | 3 7 10 | 10.0
Hexes          | 6 7 8 |  8.0
Conjurations   | 4 5 |  5.5
Spellcasting   | 3 |  3.5
Short Blades   | 2 |  2.1
Polearms       | |  1.0
Stealth        | |  1.7

Action                   |  1- 3 |  4- 6 |  7- 9 | 10-12 | 13-15 | 16-18 || total
-------------------------+-------+-------+-------+-------+-------+-------++-------
Melee: Dagger            |   341 |   192 |   546 |     9 |       |   432 ||  1520
       Short sword       |     9 |     4 |       |       |       |       ||    13
       Trident           |       |       |    16 |       |       |       ||    16
       Scimitar          |       |       |   102 |   999 |  2356 |    91 ||  3548
       Rapier            |       |       |    76 |    25 |       |       ||   101
       Kick              |       |       |       |       |    22 |       ||    22
Throw: Tomahawk          |       |       |     6 |     4 |       |       ||    10
       Javelin           |       |       |       |       |    10 |       ||    10
 Cast: Apportation       |       |       |       |       |    20 |     3 ||    23
       Repel Missiles    |       |       |       |       |    14 |     1 ||    15
       Beastly Appendage |       |       |       |       |     5 |       ||     5
       Cause Fear        |       |       |       |       |     3 |       ||     3
       Summon Butterflie |       |       |       |       |     3 |       ||     3
       Dazzling Spray    |       |       |       |       |     1 |       ||     1
 Abil: Evoke Flight      |       |       |       |       |       |     1 ||     1
Evoke: Wand              |       |       |    10 |    20 |     2 |       ||    32
       Fan of gales      |       |       |       |     1 |       |       ||     1
       Lamp of fire      |       |       |       |       |     1 |       ||     1
       Phial of floods   |       |       |       |       |     1 |       ||     1
  Use: Potion            |       |     2 |     4 |     5 |     4 |       ||    15
       Scroll            |       |       |     3 |    13 |    28 |       ||    44
 Stab: Sleeping          |     1 |       |       |     1 |     3 |       ||     5
       Distracted        |       |       |       |     1 |     3 |       ||     4
  Eat: Chunk             |     5 |     8 |    22 |    34 |    62 |     8 ||   139
       Bread ration      |       |       |       |     2 |     2 |       ||     4
       Beef jerky        |       |       |       |       |     1 |       ||     1
Armor: Robe              |     2 |       |       |       |       |       ||     2
       Scale mail        |   102 |    47 |     1 |       |       |       ||   150
       Plate armour      |     4 |    33 |   401 |   273 |       |       ||   711
       Skin              |       |    13 |       |       |       |       ||    13
       Ring mail         |       |       |       |    42 |   232 |       ||   274
       Fire dragon armou |       |       |       |       |    41 |    90 ||   131
Dodge: Dodged            |    76 |    48 |   140 |   174 |   839 |   186 ||  1463
       Deflected         |       |       |       |       |    20 |       ||    20
Block: Shield            |   144 |    73 |   365 |   461 |  1225 |   244 ||  2512
       Reflection        |       |       |       |       |       |     5 ||     5
